 Dungeon Crawl Stone Soup version 0.27.1-33-g824d729ab1 (webtiles) character file.

Game seed: 17193325499792532612

4 Sharkman1231 the Stinger (level 1, 0/15 HPs)
             Began as a Demonspawn Wanderer on Dec 26, 2021.
             Slain by a jackal (2 damage)
             ... on level 1 of the Dungeon.
             The game lasted 00:00:07 (253 turns).

Sharkman1231 the Stinger (Demonspawn Wanderer)       Turns: 253, Time: 00:00:08

Health: 0/15       AC:  2    Str: 12    XL:     1   Next: 50%
Magic:  2/2        EV: 11    Int: 13    God:
Gold:   0          SH:  0    Dex: 12    Spells: 1/2 levels left

rFire    . . .     SeeInvis .   a - +2 mace
rCold    . . .     Faith    .   (no shield)
rNeg     . . .     Spirit   .   c - +0 robe
rPois    .         Reflect  .   (no helmet)
rElec    .         Harm     .   (no cloak)
rCorr    .         Rampage  .   (no gloves)
Will     .....                  (no boots)
Stlth    ++........             (no amulet)
HPRegen  0.05/turn              (no ring)
MPRegen  0.08/turn              (no ring)

@: no status effects
A: no striking features
a: no special abilities


You were on level 1 of the Dungeon.
You visited 1 branch of the dungeon, and saw 1 of its levels.

Inventory:

Hand Weapons
 a - a +2 mace (weapon)
Armour
 c - a +0 robe (worn)
Scrolls
 d - a scroll of acquirement {unknown}
Potions
 b - a potion of curing


   Skills:
 + Level 1.3 Fighting
 * Level 2.0 Maces & Flails
 - Level 1.0 Throwing
 - Level 1.0 Stealth
 - Level 1.0 Spellcasting
 - Level 1.7 Translocations
 - Level 2.0 Poison Magic


You had one spell level left.
You knew the following spells:

 Your Spells              Type           Power      Damage    Failure   Level
a - Apportation           Tloc           10%        N/A       14%         1

Your spell library contained the following spells:

 Spells                   Type           Power      Damage    Failure   Level
 Gell's Gravitas          Tloc           2%         N/A       38%         3


Dungeon Overview and Level Annotations

Branches:
Dungeon (1/15)

Altars:


Message History

No target in view!
No target in view!
Found 2 gold pieces.
Found a spear.
A jackal comes into view.
A quokka comes into view.
The jackal barks!
You hear a bark!
A jackal comes into view.
A jackal comes into view.
The jackal bites you.
The jackal barks!
You sock the jackal!
You kill the jackal!
A giant cockroach comes into view.
The quokka bites you but does no damage.
Your Maces & Flails skill increases to level 2!
You closely miss the quokka. The jackal bites you. The quokka misses you.
The jackal barely misses you.
You closely miss the quokka. The quokka bites you.
The jackal closely misses you.
The jackal bites you but does no damage.
The quokka bites you.
You closely miss the jackal. The jackal bites you.
The jackal closely misses you. The quokka barely misses you.
The jackal bites you. The jackal misses you. The quokka bites you.
* * * LOW HITPOINT WARNING * * *
You are too injured to fight recklessly!
You are too injured to fight recklessly!
You are too injured to fight recklessly!
You are too injured to fight recklessly!
You are too injured to fight recklessly!
You are too injured to fight recklessly!
You are too injured to fight recklessly!
You are too injured to fight recklessly!
You are too injured to fight recklessly!
You are too injured to fight recklessly!
You are too injured to fight recklessly!
You are too injured to fight recklessly!
The jackal bites you.
You die...

#............#.#
#.#####.##.###.#####.#
#.....................
...####.###.####.####..
#.# #.# #.# ### #.# #.#
#.# ##.###.# #)#
##...##.# #.#
#.###.@...#.# #.######
#....hhr....# #.##....
#####.†...### #.###
##)..## #.### ...##
#...# ...# #.#.. .≈≈≈.
####' .≈♣.≈ ##PP#. ...
.≈. ##P≈≈#.


You could see a quokka and 2 jackals.

Vanquished Creatures
  An endoplasm (D:1)
  A jackal (D:1)
  A kobold (D:1)
3 creatures vanquished.

Notes
Turn   | Place    | Note
-------+----------+-------------------------------------------
     0 | D:1      | Sharkman1231 the Demonspawn Wanderer began the quest for
                  | the Orb.
     0 | D:1      | Sharkman1231 set off with the following items: a +2 mace, a
                  | potion of curing, a +0 robe; and the following spell
                  | memorised: Apportation; and the following spells available
                  | to memorise: Gell's Gravitas
     0 | D:1      | Reached XP level 1. HP: 15/15 MP: 2/2
   253 | D:1      | Slain by a jackal

Illustrated notes

Levels and vault maps discovered:
D:1:      psy_arrival_terrarium, layout_loops_ring, basic_ecumenical_altar,
          chequers_serial_rivers_marsh, hangedman_decor_riveting,
          solitary_fountain, minivault_19, minmay_hedge_maze,
          chequers_serial_rivers_small_b

Skill      XL: |  1 |
---------------+----+-----
Maces & Flails | 2 |  2.0
Fighting       | |  1.3
Throwing       | |  1.0
Stealth        | |  1.0
Spellcasting   | |  1.0
Translocations | |  1.7
Poison Magic   | |  2.0

Action                   || total
-------------------------++-------
Melee: Mace              ||     9
Armor: Robe              ||     2
Dodge: Dodged            ||     8
